 Dungeon Crawl Stone Soup version 0.18-a0-1186-gd02dc51 (webtiles) character file.

4510 kae the Demonic Cataclysm (level 10, -1/70 HPs)
             Began as a Demonspawn Monk on Jan 28, 2016.
             Was a High Priest of Qazlal.
             Killed from afar by a crimson imp (21 damage)
             ... with a wand of draining
             ... on level 9 of the Dungeon.
             The game lasted 00:09:26 (6585 turns).

kae the Demonic Cataclysm (Demonspawn Monk)         Turns: 6585, Time: 00:09:26

Health: -1/70      AC: 11    Str: 12    XL:     10   Next: 16%
Magic:  19/19      EV: 12    Int: 11    God:    Qazlal [*****.]
Gold:   472        SH:  9    Dex: 19    Spells: 0 memorised, 9 levels left

rFire  . . .     SeeInvis .       - Unarmed
rCold  . . .     Gourm    .     a - +0 robe
rNeg   . . .     Faith    .     (no shield)
rPois  .         Spirit   .     (helmet restricted)
rElec  .         Dismiss  .     d - +1 cloak
rCorr  .         Reflect  .     x - +0 pair of gloves
SustAt .         Harm     .     (no boots)
MR     +....                    c - amulet of regeneration
Stlth  +.........               w - ring of stealth
                                t - ring of protection from magic

@: protected from physical damage, repel missiles, heavily drained, somewhat
resistant to hostile enchantments, very unstealthy
A: antennae 2, large bone plates 2, demonic guardian 1, powered by death 1
a: Upheaval, Elemental Force, Disaster Area, Renounce Religion


You were on level 9 of the Dungeon.
You worshipped Qazlal.
Qazlal was extremely pleased with you.
You were not hungry.

You visited 1 branch of the dungeon, and saw 9 of its levels.
You also visited: Sewer.

You collected 472 gold pieces.

Inventory:

Armour
 a - a +0 robe (worn)
 d - a +1 cloak (worn)
 x - a +0 pair of gloves (worn)
Jewellery
 c - an amulet of regeneration (around neck)
 t - a ring of protection from magic (left hand)
 w - a ring of stealth (right hand)
Wands
 F - a wand of slowing (21/48)
 H - a wand of frost (29/48)
Scrolls
 g - 8 scrolls of identify
 h - 2 scrolls of fear
 j - 4 scrolls of remove curse
 q - 2 scrolls of enchant armour
 r - 5 scrolls of blinking
 y - a scroll of magic mapping
 D - a scroll of enchant weapon
 E - 2 scrolls of teleportation
Potions
 f - 3 potions of flight
 i - 3 potions of curing
 k - 6 potions of heal wounds
 m - a potion of invisibility
 o - a potion of cancellation
 p - 2 potions of agility
 u - 2 potions of might
 v - a potion of mutation
Books
 n - a book of Clouds

   Spells                             Type                      Level
   a - Mephitic Cloud                 Conjuration/Poison/Air       3
   b - Conjure Flame                  Conjuration/Fire             3
   c - Poisonous Cloud                Conjuration/Poison/Air       6
   d - Freezing Cloud                 Conjuration/Ice/Air          6
   e - Ring of Flames                 Charms/Fire                  7
 s - a book of the Warp

   Spells                             Type                      Level
   a - Recall                         Summoning/Translocation      3
   b - Gell's Gravitas                Hexes/Translocation          3
   c - Force Lance                    Conjuration/Translocation    4
   d - Phase Shift                    Translocation                5
   e - Warp Weapon                    Charms/Translocation         5
   f - Summon Forest                  Summoning/Translocation      5
 z - a book of Battle

   Spells                             Type                      Level
   a - Infusion                       Charms                       1
   b - Shroud of Golubria             Charms/Translocation         2
   c - Song of Slaying                Charms                       2
   d - Spectral Weapon                Hexes/Charms                 3
   e - Regeneration                   Charms/Necromancy            3
 G - a book of Fire

   Spells                             Type                      Level
   a - Ignite Poison                  Fire/Transmutation/Poison    3
   b - Fireball                       Conjuration/Fire             5
   c - Bolt of Fire                   Conjuration/Fire             6
   d - Delayed Fireball               Conjuration/Fire             7
   e - Ring of Flames                 Charms/Fire                  7
Comestibles
 b - 8 bread rations
 l - 6 meat rations
 I - 9 royal jellies


   Skills:
 - Level 3.0(1.8) Fighting
 - Level 2.6(1.5) Dodging
 - Level 1.7(0.6) Stealth
 - Level 11.0(9.6) Unarmed Combat
 + Level 12.0(10.4) Invocations


You had 9 spell levels left.
You didn't know any spells.

Dungeon Overview and Level Annotations

Branches:
Dungeon (9/15)             Temple (0/1) D:6
   Lair: D:8-11         Orc: D:9-12

Altars:
Ashenzari
Cheibriados
Dithmenos
Elyvilon
Fedhas
Nemelex Xobeh
Okawaru
Pakellas
Qazlal
Trog
Vehumet

Annotations:
D:9 kae's ghost, novice DsMo


Innate Abilities, Weirdness & Mutations

You have a pair of antennae on your head.
You are mostly covered in large bone plates (AC +3, SH +3).
A weak demonic guardian rushes to your aid.
You regenerate a little health from kills.


Message History

You feel more protected from physical attacks.
You closely miss kae's ghost.
Kae's ghost is heavily damaged.
The crimson imp zaps a wand.
The bolt of negative energy hits kae's ghost.
Kae's ghost completely resists.
The bolt of negative energy hits you!
You feel drained.
* * * LOW HITPOINT WARNING * * *
Kae's ghost completely misses you.
You are too injured to fight recklessly!
Unknown command.
Unknown command.
Unknown command.
You punch kae's ghost!
Kae's ghost is severely damaged.
The crimson imp zaps a wand.
The bolt of negative energy hits kae's ghost.
Kae's ghost completely resists.
The bolt of negative energy hits you!
You feel drained.
You die...

..# #.#.#)###.. .. #.##.#
#.#...#... ...
#.##.####.#...#.## #..#
#.#.......#..(.......#.
#.#.......#...#.##....[
#.#.##.......)#.#......
##.#.##.##.#...5.§......
...#.# ##.#####.##.### #
##...##.##.# #@# .# .
..).....##.# ##W##.# ## .
##÷..#####.# #.5§..# ..#
. ...<)# #.# #.....#...##
. ##.[.# #.# #....5.....'
. #...# #.# #.....#...##
. ##...#####.#
##.?..#...# .
...........########.#...#
.
##...####†..§.......#..§#
.


You could see kae's ghost, 2 crimson imps and a friendly quasit.

Vanquished Creatures
  Psyche (D:8)
  A troll (D:9)
  Grinder (D:6)
  Grum (D:9)
  2 wolves (D:9)
  2 eyes of draining (D:6)
  2 ice beasts
  A phantom (D:4)
  2 ogres
  4 sky beasts
  A centaur (D:9)
  A crocodile (Sewer)
  2 giant frogs
  5 scorpions
  8 killer bees
  3 wights (D:5)
  5 jellies
  The ghost of YrmMerkstave the Grave Robber, a weakling DENe (D:3)
  4 crimson imps
  A hound (D:4)
  A quasit (D:9)
  6 orc priests
  2 centaur skeletons
  2 iguanas
  6 orc wizards
  7 worker ants
  A hound zombie (D:8)
  2 hound skeletons
  Robin (D:3)
  3 gnolls (D:7)
  13 adders
  A shadow imp (D:7)
  6 oozes
  An adder skeleton (D:4)
  3 worms
  6 giant geckos
  24 orcs
  A ball python (D:2)
  4 bats
  4 giant cockroaches
  26 goblins
  8 hobgoblins
  5 jackals
  11 kobolds
  3 quokkas
  A giant cockroach zombie (D:6)
  A giant gecko skeleton (D:6)
  6 giant newts
  2 quokka skeletons
  10 rats
215 creatures vanquished.

Vanquished Creatures (collateral kills)
  An ogre (D:7)
  2 centaurs
  A scorpion (D:4)
  An orc wizard (D:6)
  An orc (D:9)
6 creatures vanquished.

Grand Total: 221 creatures vanquished

Notes
Turn   | Place    | Note
--------------------------------------------------------------
     0 | D:1      | kae the Demonspawn Monk began the quest for the Orb.
     0 | D:1      | Reached XP level 1. HP: 18/18 MP: 1/1
   116 | D:1      | Reached skill level 4 in Unarmed Combat
   239 | D:1      | Gained mutation: You have a pair of small antennae on your head. [demonic ancestry]
   239 | D:1      | Reached XP level 2. HP: 24/24 MP: 2/2
   808 | D:2      | Gained mutation: You regenerate a little health from kills. [demonic ancestry]
   808 | D:2      | Reached XP level 3. HP: 29/29 MP: 3/3
   923 | D:2      | Found a snail-covered altar of Cheibriados.
   923 | D:2      | Found a blossoming altar of Fedhas.
   925 | D:2      | Found an iron altar of Okawaru.
  1118 | D:2      | Reached skill level 5 in Unarmed Combat
  1130 | D:2      | Gained mutation: A weak demonic guardian rushes to your aid. [demonic ancestry]
  1130 | D:2      | Reached XP level 4. HP: 35/35 MP: 4/4
  1219 | D:2      | Found a white marble altar of Elyvilon.
  1223 | D:2      | Found an oddly glowing altar of Pakellas.
  1223 | D:2      | Found a stormy altar of Qazlal.
  1259 | D:2      | Became a worshipper of Qazlal Stormbringer
  1259 | D:2      | Reached * piety under Qazlal
  1259 | D:2      | Reached ** piety under Qazlal
  1335 | D:2      | Found a shattered altar of Ashenzari.
  1610 | D:3      | Found a glowing drain.
  1612 | D:3      | Noticed Robin
  1639 | D:3      | Killed Robin
  1667 | D:3      | Noticed YrmMerkstave's ghost (weakling DENe)
  1693 | D:3      | Killed YrmMerkstave's ghost
  1693 | D:3      | Gained mutation: You are partially covered in large bone plates (AC +2, SH +2). [demonic ancestry]
  1693 | D:3      | Reached XP level 5. HP: 33/41 MP: 0/5
  1699 | D:3      | Reached skill level 6 in Unarmed Combat
  1719 | Sewer    | Entered a sewer
  1776 | Sewer    | Noticed a crocodile
  1785 | Sewer    | Killed a crocodile
  2710 | D:4      | Reached XP level 6. HP: 47/47 MP: 6/6
  2743 | D:4      | Reached skill level 7 in Unarmed Combat
  2870 | D:4      | Found a shadowy altar of Dithmenos.
  2954 | D:4      | Reached XP level 7. HP: 52/52 MP: 7/7
  2958 | D:4      | Reached skill level 8 in Unarmed Combat
  3271 | D:4      | Reached *** piety under Qazlal
  3345 | D:5      | Entered Level 5 of the Dungeon
  3428 | D:5      | Found a stormy altar of Qazlal.
  3690 | D:5      | Reached skill level 9 in Unarmed Combat
  3835 | D:5      | Gained mutation: You have a pair of antennae on your head. [demonic ancestry]
  3835 | D:5      | Reached XP level 8. HP: 50/58 MP: 8/8
  4263 | D:6      | Found a sparkling altar of Nemelex Xobeh.
  4270 | D:6      | Reached skill level 10 in Unarmed Combat
  4308 | D:6      | Noticed Grinder
  4313 | D:6      | Killed Grinder
  4337 | D:6      | Found a staircase to the Ecumenical Temple.
  4367 | D:6      | Reached **** piety under Qazlal
  4691 | D:6      | Found a bloodstained altar of Trog.
  4709 | D:6      | Reached skill level 11 in Unarmed Combat
  4793 | D:7      | Reached skill level 1 in Invocations
  4885 | D:7      | Gained mutation: You are mostly covered in large bone plates (AC +3, SH +3). [demonic ancestry]
  4885 | D:7      | Reached XP level 9. HP: 34/63 MP: 9/11
  4938 | D:7      | Reached skill level 5 in Invocations
  5689 | D:8      | Found a radiant altar of Vehumet.
  5805 | D:8      | Noticed Psyche
  5811 | D:8      | Killed Psyche
  6173 | D:9      | Noticed kae's ghost (novice DsMo)
  6337 | D:9      | Noticed Grum
  6338 | D:9      | Reached ***** piety under Qazlal
  6341 | D:9      | Reached skill level 10 in Invocations
  6379 | D:9      | Killed Grum
  6421 | D:9      | Reached XP level 10. HP: 70/70 MP: 18/18
  6578 | D:9      | Reached skill level 12 in Invocations
  6585 | D:9      | Killed from afar by a crimson imp

Vault maps used:
D:1:      minmay_arrival_semitransparent, serial_glass, glass_columns_a,
          glass_columns_a
D:2:      lemuel_doored_altar, grunt_temple_overflow_open,
          gammafunk_temple_overflow_forgotten
D:3:      gup_sewer_entry_glass, uniq_robin
D:4:      kennysheep_spiral_hall, nicolae_dithmenos_through_a_glass_darkly,
          first_bread
D:5:      grunt_qazlal_clouds
D:6:      trog_eyes_of_draining, nemelex_xobeh_ov_fountains_minmay, uniq_grinder
D:7:      minivault_10
D:8:      vehumet_altar_wand_db, hangedman_little_slice_of_home, uniq_psyche
D:9:      kennysheep_mini_moat, enter_bailey_3, uniq_grum
Sewer:    sewer_the_crocodile

Action                   |  1- 3 |  4- 6 |  7- 9 | 10-12 || total
-------------------------+-------+-------+-------+-------++-------
Melee: Unarmed           |   100 |   244 |   436 |    62 ||   842
Invok: Upheaval          |       |     1 |     1 |       ||     2
  Use: Potion            |       |     1 |     2 |       ||     3
       Scroll            |       |     8 |     6 |     6 ||    20
 Stab: Sleeping          |     7 |     1 |       |       ||     8
       Distracted        |     1 |     1 |     4 |       ||     6
  Eat: Chunk             |     1 |     6 |     9 |     1 ||    17
       Royal jelly       |       |       |     1 |       ||     1
